[Event "*** SCC Grand Prix: Titled Tuesday Blitz"]
[Site "Chess.com"]
[Date "2020.07.07"]
[Round "5"]
[White "Grandelicious"]
[Black "MrTattaglia"]
[Result "1/2-1/2"]
[WhiteElo "2793"]
[BlackElo "2930"]
[TimeControl "180+1"]
[EndTime "10:56:43 PDT"]
[Termination "Game drawn - insufficient material"]

1. d4 Nf6 2. c4 e6 3. Nc3 d5 4. cxd5 exd5 5. Bg5 Nbd7 6. e3 Be7 7. Bd3 c6 8. Nge2 h6 9. Bh4 Nh5 10. Bxe7 Qxe7 11.
O-O O-O 12. Rb1 a5 13. a3 Re8 14. Qd2 Qg5 15. b4 axb4 16. axb4 b5 17. Rbe1 Nb6 18. f4 Qe7 19. e4 dxe4 20. Nxe4 Nf6 21. N2g3 Bd7 22. Nxf6+ Qxf6 23. Re5 Nd5 24. Ne4 Qd8 25. Nc5 Nf6 26. Rfe1 Be6 27. Bb1 Bd5 28. h3 Ra3 29. Qf2 Rxe5 30. fxe5 Nd7 31. e6 fxe6 32. Nxe6 Qf6 33. Nf4 Bf7 34. Be4 Rb3 35. d5 cxd5 36. Bxd5 Bxd5 37. Nxd5 Qxf2+ 38. Kxf2 Nf6 39. Nxf6+ gxf6 40. Re7 Rxb4 41. Rb7 h5 42. Kg3 h4+ 43. Kf3 Kf8 44. Ke3 Kg8 45. Kf3 Rb2 46. Kg4 Rxg2+ 47. Kxh4 Rg5 48. Rc7 Kf8 49. Rb7 Kg8 50. Rc7 Kh8 51.
Rb7 Rg6 52. Kh5 Rg7 53. Rxb5 Rg5+ 54. Rxg5 fxg5 55. Kxg5 Kg8 56. h4 Kh8 57. h5 Kg8 58.
h6 Kh8 59. h7 Kxh7 1/2-1/2

[Event "*** SCC Grand Prix: Titled Tuesday Blitz"]
[Site "Chess.com"]
[Date "2020.07.07"]
[Round "5"]
[White "olksuna"]
[Black "WIDBIFS"]
[Result "1-0"]
[WhiteElo "2624"]
[BlackElo "2790"]
[TimeControl "180+1"]
[EndTime "10:56:43 PDT"]
[Termination "olksuna won by resignation"]

1. Nf3 Nf6 2. g3 g6 3. b4 Bg7 4. Bb2 O-O 5. d3 d5 6. Bg2 c6 7. O-O Bg4 8. Nbd2 Nbd7 9. c4 Bxf3 10. Nxf3 e6 11. Qc2 a6 12. a4 Qe7 13. Qb3 dxc4 14. Qxc4 Nd5 15. Bxg7 Kxg7 16. Rab1 Qf6 17. Rfc1 Rac8 18.
Nd2 Ne5 19. Qb3 Nd7 20. Ne4 Qe7 21. Qb2+ N7f6 22. h4 Kg8 23. Nxf6+ Nxf6 24. b5 axb5 25.
axb5 c5 26. b6 e5 27. Rc4 Rfd8 28. Rbc1 Rd4 29. Qa3 Rxc4 30. Rxc4 e4 31. Bxe4 Nxe4 32. Rxe4 Qd6 33. Qa7 Qd5 34. Qa4 Kg7 35. Qa1+ Kg8 36. Qf6 Qc6 37. Qxc6 Rxc6 38. Rc4 Rxb6 39. Rxc5 Rb2 40.
e3 h5 41. Rc7 Kf8 42. d4 Ke8 43. Kg2 b5 44. Rb7 b4 45. Kf3 Rb1 46. d5 b3 47. e4 Rb2 48. Ke3 Rb1 49. Kf4 Rb2 50.
f3 Rb1 51. Ke5 Kf8 52. Kf6 Ke8 53. Rb8+ Kd7 54. Kxf7 Rf1 55. Rxb3 Kd6 56. Kxg6 Ke5 57. Kxh5 Rxf3 58. Rxf3 1-0

[Event "*** SCC Grand Prix: Titled Tuesday Blitz"]
[Site "Chess.com"]
[Date "2020.07.07"]
[Round "5"]
[White "imdarealist"]
[Black "viktorskliarov"]
[Result "1/2-1/2"]
[WhiteElo "2343"]
[BlackElo "2509"]
[TimeControl "180+1"]
[EndTime "10:56:43 PDT"]
[Termination "Game drawn - insufficient material"]

1. d4 Nf6 2. Bf4 g6 3. e3 Bg7 4. Nf3 O-O 5. h3 d6 6. Be2 c5 7. c3 Qb6 8. Qb3 Be6 9. Qxb6 axb6 10. a3 Nd5 11. Bg3 cxd4 12. Nxd4 Bd7 13. Nd2 Nc6 14. O-O Nxd4 15. exd4 Bh6 16. Nc4 b5 17. Bf3 bxc4 18. Bxd5 Ra4 19. Rfe1 Bg5 20. Re2 Bc6 21. Be4 Bxe4 22. Rxe4 f5 23. Re6 Kf7 24. Rae1 Rfa8 25. f4 Bf6 26. R6e2 R8a6 27. Bf2 Rb6 28. Rd2 Rb3 29.
Ree2 Ra5 30. g3 Rab5 31. Kg2 Ke8 32. Kf3 Kd7 33. g4 h5 34. gxh5 gxh5 35. Be3 Kc6 36. Rg2 Kd5 37. Rde2 h4 38. Bc1 e5 39. dxe5 dxe5 40.
fxe5 Bxe5 41. Rg5 Bxc3 42. bxc3 Rxc3+ 43. Kf2 Rxc1 44. Rxf5+ Kc6 45. Re6+ Kd7 46. Rxb5 Kxe6 47. Rxb7 Rc3 48. Rb4 Rxa3 49. Rxc4 Rxh3 50. Kg2 Rg3+ 51. Kh2 Rg5 52. Rxh4 Kf5 53. Rh3 Kg6 54. Rc3 Rh5+ 55. Rh3 Rg5 56. Rg3 Rxg3 57. Kxg3 1/2-1/2

[Event "*** SCC Grand Prix: Titled Tuesday Blitz"]
[Site "Chess.com"]
[Date "2020.07.07"]
[Round "5"]
[White "IMRosen"]
[Black "Godzillator"]
[Result "1/2-1/2"]
[WhiteElo "2543"]
[BlackElo "2365"]
[TimeControl "180+1"]
[EndTime "10:56:44 PDT"]
[Termination "Game drawn by agreement"]

1. d4 d5 2. Bf4 c5 3. e3 cxd4 4. exd4 Nc6 5. Nf3 Nf6 6. Nbd2 Bg4 7. Bb5 Qb6 8. c4 dxc4 9. a4 a6 10. Nxc4 Qd8 11. Bxc6+ bxc6 12. Nce5 e6 13. Nxg4 Nxg4 14. O-O Bd6 15. Ne5 Nxe5 16. dxe5 Be7 17. Qf3 Qd5 18. Qg3 g5 19. Be3 h5 20. Rfd1 Qe4 21. Bxg5 Rg8 22. h4 Bxg5 23. hxg5 h4 24. Qh3 Rxg5 25. Re1 Qf4 26.
Rad1 Ke7 27. Qd3 Kf8 28. Qe4 Rg4 29. Qxf4 Rxf4 30. Rc1 Rxa4 31. Rxc6 Rb8 32. Re2 Rab4 33. Rd2 Rxb2 34. Rxb2 Rxb2 35. Rxa6 Re2 36. Ra8+ Kg7 37. Ra5 Kg6 38. Ra4 Rxe5 39. Rxh4 f5 40. Kh2 Ra5 41.
f3 Ra3 42. Kg3 e5 43. Rb4 Kg5 44. Rb8 Ra2 45. Rg8+ Kf6 46. Rf8+ Ke6 47. Rb8 f4+ 48. Kh3 Kd5 49. Re8 Re2 50. Rd8+ Kc4 51. Rd7 Kc3 52. g3 fxg3 53. Kxg3 Kc4 54. Kg4 Re3 55. Rd1 Kc5 56. Rd2 Kc4 57. Rd8 Kc5 58. Rd7 Kc4 59.
Rd6 Kc5 60. Rd2 Kc4 61. Rd1 Kc5 62. Rf1 Kd4 63. Kf5 Re2 64. Rd1+ Ke3 65. Kxe5 Kxf3+ 66. Kf5 Re8 67. Rd3+ Ke2 68. Ra3 Rf8+ 1/2-1/2

[Event "*** SCC Grand Prix: Titled Tuesday Blitz"]
[Site "Chess.com"]
[Date "2020.07.07"]
[Round "5"]
[White "gagtemp"]
[Black "TimKett"]
[Result "1-0"]
[WhiteElo "1896"]
[BlackElo "2148"]
[TimeControl "180+1"]
[EndTime "10:56:44 PDT"]
[Termination "gagtemp won on time"]

1. e4 e5 2. Nf3 Nc6 3. Bc4 Nf6 4. d3 Bc5 5. O-O a6 6. a4 d6 7. h3 O-O 8. c3 Kh8 9. Nbd2 Ba7 10. Re1 Ng8 11.
Nf1 f5 12. exf5 Bxf5 13. Ng3 Bg6 14. Be3 Bxe3 15. Rxe3 d5 16. Bb3 d4 17. cxd4 exd4 18. Re6 Qd7 19. h4 Rae8 20. Rxe8 Rxe8 21. Qd2 h6 22. h5 Bh7 23. Bc4 Nf6 24. Re1 Bg8 25. Bxg8 Kxg8 26. Nh4 Re5 27. Rxe5 Nxe5 28. Ng6 Nxg6 29.
hxg6 Qg4 30. Qb4 Qd1+ 31. Nf1 Qxd3 32. Qxb7 Qxg6 33. Qxa6 d3 34. Qc4+ Kh7 35. Nd2 Qf5 36. g3 Ng4 37. Qd4 Ne5 38. Qe4 Qxe4 39. Nxe4 Nc4 40.
Nc3 Nxb2 41. a5 Nc4 42. a6 Nb6 43. Kf1 Kg6 44. Ke1 Kf5 45. Kd2 Kg4 46. Kxd3 Kf3 47.
Nd1 h5 48. a7 g5 49. Kd4 h4 50. gxh4 gxh4 51. Ne3 h3 52. Nf1 Kxf2 53. Nh2 Kg2 54. Ng4 h2 55. Nxh2 Kxh2 56. Kc5 Kg3 57. Kc6 Kf4 58.
Kxc7 Ke5 59. Kxb6 1-0

[Event "*** SCC Grand Prix: Titled Tuesday Blitz"]
[Site "Chess.com"]
[Date "2020.07.07"]
[Round "5"]
[White "Parkas"]
[Black "Ermito2020"]
[Result "1-0"]
[WhiteElo "2347"]
[BlackElo "2445"]
[TimeControl "180+1"]
[EndTime "10:56:45 PDT"]
[Termination "Parkas won by checkmate"]

1. d4 d5 2. Nc3 Nf6 3. Bf4 g6 4. e3 Bg7 5. h4 h6 6. Nf3 c5 7.
Nb5 Na6 8. c3 Bg4 9. Be2 Ne4 10.
Ne5 Bxe2 11. Qxe2 O-O 12. f3 Nd6 13. a4 Nxb5 14. axb5 Nc7 15. h5 g5 16. Bg3 Ne6 17.
O-O c4 18. f4 f5 19. b3 cxb3 20. Qb2 Bxe5 21. fxe5 Ng7 22. Qxb3 Nxh5 23. Bh2 e6 24. c4 g4 25. cxd5 g3 26. dxe6 gxh2+ 27. Kxh2 Qh4+ 28. Kg1 Kh8 29. Rf3 Rg8 30. Ra2 Ng3 31. Kf2 Ne4+ 32.
Ke2 Rxg2+ 33. Kd3 Nc5+ 34. dxc5 Qe4+ 35. Kc3 Rxa2 36. Qxa2 Qxf3 37. e7 Qxe3+ 38. Kb4 Qe4+ 39. Ka5 Qxe5 40. Qf7 b6+ 41. Ka6 Rg8 42. c6 Qb8 43. Qf6+ Kh7 44. Qf7+ Kh8 45. Qf6+ Kh7 46. Qxf5+ Kh8 47.
Qf6+ Kh7 48. Qf5+ Rg6 49. Qf7+ Rg7 50. Qf5+ Kg8 51. Qe6+ Kh8 52. e8=Q+ Qxe8 53. Qxe8+ Rg8 54. Qxg8+ Kxg8 55. c7 h5 56. c8=Q+ Kg7 57. Qh3 Kg6 58. Kxa7 Kg5 59. Kxb6 h4 60. Kc6 Kh5 61. b6 Kg5 62. b7 Kh5 63. b8=Q Kg5 64. Qbb3 Kh5 65. Qbf3+ Kg5 66. Qhg4+ Kh6 67. Qf6+ Kh7 68. Qfg7# 1-0

[Event "*** SCC Grand Prix: Titled Tuesday Blitz"]
[Site "Chess.com"]
[Date "2020.07.07"]
[Round "5"]
[White "bazar-wokzal"]
[Black "MisiekZielony"]
[Result "0-1"]
[WhiteElo "2384"]
[BlackElo "2204"]
[TimeControl "180+1"]
[EndTime "10:56:45 PDT"]
[Termination "MisiekZielony won on time"]

1. e4 Nf6 2. Nc3 d5 3. e5 Ne4 4. Nce2 Nc5 5. d4 Ne6 6. f4 g6 7. Nf3 h5 8. Be3 Ng7 9. c3 c6 10. g3 Bg4 11. Bg2 Nf5 12. Bf2 h4 13. Nc1 e6 14.
Nd3 Nd7 15. Qe2 a5 16. O-O-O Qb6 17. Rhe1 c5 18. dxc5 Nxc5 19. Nxc5 Bxc5 20. Bxc5 Qxc5 21. Rg1 Qe3+ 22. Rd2 Qxe2 23. Rxe2 hxg3 24. hxg3 Nxg3 25. Ree1 Bxf3 26. Bxf3 Nf5 27. Rh1 Ke7 28. Reg1 Rac8 29. Kd2 Rxh1 30. Rxh1 Rc4 31. Rh8 Rxf4 32. Be2 Rf2 33.
Ke1 Rg2 34. Rb8 a4 35. Rxb7+ Kf8 36. Bd3 a3 37. bxa3 Rxa2 38. Ra7 Ne3 39. a4 Ng4 40.
a5 Nxe5 41. Bb5 Nf3+ 42. Kd1 d4 43. cxd4 Nxd4 44. Bd7 Ra1+ 45. Kd2 Nb3+ 46. Ke3 Rxa5 47. Rb7 Nc5 48. Rb8+ Ke7 49. Bc6 Ra7 50. Kd4 Nd7 51. Rh8 Nf6 52. Ke5 Ra5+ 53. Kf4 e5+ 54. Kf3 Rc5 55. Ba4 Rc3+ 56. Ke2 Nd5 57. Rc8 Rxc8 0-1

[Event "*** SCC Grand Prix: Titled Tuesday Blitz"]
[Site "Chess.com"]
[Date "2020.07.07"]
[Round "5"]
[White "DenisQ"]
[Black "Jospem"]
[Result "1-0"]
[WhiteElo "2661"]
[BlackElo "2882"]
[TimeControl "180+1"]
[EndTime "10:56:46 PDT"]
[Termination "DenisQ won by resignation"]

1. Nf3 c5 2. c4 Nc6 3. Nc3 e5 4. g3 g6 5. Bg2 Bg7 6. O-O d6 7. Ne1 Be6 8. d3 Nge7 9. Nd5 O-O 10. Nc2 Qd7 11. Rb1 Bh3 12. Nxe7+ Nxe7 13. b4 b6 14. Bxa8 Bxf1 15. Qxf1 Rxa8 16. Qg2 Rc8 17. Ne3 cxb4 18. Rxb4 d5 19. Bd2 Nc6 20. Qxd5 Qh3 21. Rb1 Nd4 22. Re1 Qh5 23. f3 Qh3 24. Ng4 Qh5 25. Qb7 Re8 26. Qxa7 f5 27. Qd7 g5 28.
Nf2 Qg6 29. Kg2 h6 30. e3 Ne6 31. Rb1 Rd8 32. Qe7 Bf8 33. Qb7 Rd6 34. Bb4 Nc5 35.
Bxc5 bxc5 36. Qc7 f4 37. exf4 gxf4 38. Rb8 fxg3 39. hxg3 Rf6 40. Ng4 Re6 41. Qc8 Qf7 42. Rb7 Qg6 43. Qd7 h5 44. Ne3 Rd6 45. Qf5 Qxf5 46.
Nxf5 Rxd3 47. a4 Ra3 48. Ra7 Rc3 49. a5 Rxc4 50. a6 Ra4 51. Ra8 Kf7 52. Ra7+ Kf6 53. Ne3 Ke6 54. Ra8 Be7 55. a7 c4 56. Nxc4 Ra2+ 57.
Kh3 Kd5 58. Nb6+ Kc6 59. Rc8+ Kxb6 60. a8=Q Rxa8 61. Rxa8 1-0

[Event "*** SCC Grand Prix: Titled Tuesday Blitz"]
[Site "Chess.com"]
[Date "2020.07.07"]
[Round "5"]
[White "ChessicallyInclined"]
[Black "Ave_Mariia"]
[Result "1-0"]
[WhiteElo "2495"]
[BlackElo "2342"]
[TimeControl "180+1"]
[EndTime "10:56:46 PDT"]
[Termination "ChessicallyInclined won by resignation"]

1. d4 Nf6 2. c4 e6 3. Nc3 Bb4 4. e3 O-O 5. Ne2 Re8 6. a3 Bf8 7. Ng3 d5 8. Be2 c5 9. dxc5 dxc4 10. Bxc4 Qxd1+ 11. Kxd1 Bxc5 12. b4 Be7 13. Bb2 b6 14. Nb5 Nc6 15. Ke2 Ba6 16. Nd6 Bxc4+ 17. Nxc4 Rac8 18.
Rac1 Nd5 19. Ne4 Red8 20. Rhd1 f5 21. Ng3 Bf6 22. Bxf6 Nxf6 23. b5 Ne7 24. Ne5 Rxd1 25. Rxc8+ Nxc8 26. Kxd1 Nd6 27. a4 Nd5 28. Kc2 a6 29.
bxa6 Nb4+ 30. Kb3 Nxa6 31. Nd3 Kf7 32. Ne2 Ke7 33. Nd4 Ne4 34. Kc4 Nac5 35. Nxc5 Nxc5 36. a5 Kd6 37. axb6 e5 38. Nxf5+ Kc6 39. Nxg7 Kxb6 40. Kd5 Nd3 41. f3 Ne1 42. Kxe5 Nxg2 43. e4 Ne1 44. f4 Nd3+ 45. Kf5 Kc5 46. e5 Kd5 47. Nh5 Nf2 48. Nf6+ Kc6 49. e6 Kd6 50. h4 Nd3 51. Ne4+ Ke7 52. h5 Nb4 53.
Ng5 Nd5 54. Nf7 Ne3+ 55. Ke4 Ng4 56. f5 Nf6+ 57. Kf4 Nxh5+ 58. Kg5 Ng3 59. Nh6 Ne4+ 60. Kf4 Nf6 61. Ke5 Nh5 62. Ng8+ Kf8 63. Nf6 Ng7 64.
Nxh7+ Ke7 65. f6+ Ke8 66. fxg7 Ke7 67. Nf6 Kd8 68. g8=Q+ 1-0

[Event "*** SCC Grand Prix: Titled Tuesday Blitz"]
[Site "Chess.com"]
[Date "2020.07.07"]
[Round "5"]
[White "PSvidler"]
[Black "grzechu96"]
[Result "1/2-1/2"]
[WhiteElo "2987"]
[BlackElo "2662"]
[TimeControl "180+1"]
[EndTime "10:56:47 PDT"]
[Termination "Game drawn - insufficient material"]

1. e4 e5 2. Nf3 Nc6 3. Bb5 a6 4. Ba4 Nf6 5. O-O Be7 6. d3 b5 7. Bb3 d6 8. a4 Bg4 9. c3 O-O 10. Nbd2 Na5 11. Bc2 c5 12. h3 Bd7 13. d4 Qc7 14. Re1 cxd4 15. cxd4 Rfc8 16. axb5 Qxc2 17. Qxc2 Rxc2 18. Rxa5 Bxb5 19. dxe5 dxe5 20. Nxe5 Rac8 21.
Ra1 Bb4 22. Nef3 Nxe4 23. Nd4 Nxd2 24. Nxc2 Rxc2 25. Bxd2 Rxd2 26. Rad1 g6 27. Rxd2 Bxd2 28. Re7 Kg7 29. Rb7 Kf6 30. g3 h5 31. h4 Bc1 32. b3 Bd2 33. f3 Ke6 34. Kg2 Bc3 35.
Kh3 Bf1+ 36. Kh2 a5 37. g4 hxg4 38. fxg4 Be5+ 39. Kg1 Be2 40. h5 gxh5 41. gxh5 Bxh5 42. Rb5 Bd1 43. Rxa5 Bxb3 44. Kf2 Bd5 45. Ra6+ Kf5 46. Ra5 Be4 47. Ra4 f6 48. Rb4 Bd5 49. Ra4 Bd6 50.
Ke3 Bc5+ 51. Kd3 Ke5 52. Ra5 Bb6 53. Rb5 Bf2 54. Rb2 Bc5 55. Re2+ Kd6 56. Rh2 f5 57. Rh5 Ke5 58. Ke2 Be4 59. Rh8 Bd4 60. Re8+ Kf4 61. Rd8 Bf3+ 62. Kd3 Bb6 63. Rb8 Be4+ 64. Ke2 Bd4 65.
Rb4 Ke5 66. Ra4 Bc5 67. Ra5 Kd5 68. Ra8 f4 69. Rf8 Bd6 70. Rd8 Ke5 71. Re8+ Kf5 72. Rd8 f3+ 73. Kf2 Bc5+ 74. Kg3 f2 75. Rd1 Bd3 76.
Kg2 f1=Q+ 77. Rxf1+ Bxf1+ 78. Kxf1 1/2-1/2

[Event "*** SCC Grand Prix: Titled Tuesday Blitz"]
[Site "Chess.com"]
[Date "2020.07.07"]
[Round "5"]
[White "Matveev_Vladimir"]
[Black "giantslayer83"]
[Result "0-1"]
[WhiteElo "2546"]
[BlackElo "2728"]
[TimeControl "180+1"]
[EndTime "10:56:47 PDT"]
[Termination "giantslayer83 won by resignation"]

1. d4 Nf6 2. c4 e6 3. Nf3 d5 4. g3 Bb4+ 5. Bd2 Bd6 6. Qc2 Nbd7 7. c5 Be7 8. Bg2 Ne4 9. O-O c6 10. Nc3 f5 11. b4 O-O 12. Rab1 Bf6 13. e3 e5 14. Ne2 a6 15. Bc1 exd4 16. exd4 Re8 17. h4 Nf8 18. Nf4 g6 19. Nd3 Ne6 20. Bb2 f4 21.
Kh2 fxg3+ 22. fxg3 Ng7 23. Nde5 Bf5 24. g4 Bxe5+ 25.
Nxe5 Qxh4+ 26. Kg1 Bxg4 27. Bxe4 dxe4 28. Qxe4 Qg3+ 29. Qg2 Qxg2+ 30. Kxg2 Be6 31. a3 Nf5 32. Rbe1 Rad8 33. Rf4 g5 34. Rg4 h6 35. Kh2 Kh7 36.
Rge4 Bd5 37. R4e2 Nh4 38. Kg3 Rf8 39. Rf2 Rxf2 40. Kxf2 Rf8+ 41. Kg3 Rf4 42. Ng4 Nf5+ 43. Kh3 Kg6 44. Re8 Rf3+ 45. Kh2 Rb3 46. Ne5+ Kh5 47. Bc1 g4 48. Bf4 Rh3+ 49. Kg1 g3 50. Bxg3 Rxg3+ 51. Kf2 Rxa3 52. Rb8 Ra2+ 53. Ke1 Nxd4 54.
Rxb7 Kg5 55. Rb6 Kf4 56. Nd3+ Ke3 57. Nc1 Nf3+ 0-1

[Event "*** SCC Grand Prix: Titled Tuesday Blitz"]
[Site "Chess.com"]
[Date "2020.07.07"]
[Round "5"]
[White "FMalexhdez"]
[Black "MFBerna"]
[Result "0-1"]
[WhiteElo "2132"]
[BlackElo "2387"]
[TimeControl "180+1"]
[EndTime "10:56:49 PDT"]
[Termination "MFBerna won by resignation"]

1. e4 c5 2. Nf3 e6 3. d4 cxd4 4. Nxd4 Nc6 5. Nc3 Qc7 6. Nb3 Nf6 7. Be2 Bb4 8. f3 d5 9. exd5 Nxd5 10. Bd2 Nxc3 11. bxc3 Bd6 12. g3 O-O 13. O-O Ne7 14. f4 b6 15. Bf3 Bb7 16. Nd4 a6 17.
Bxb7 Qxb7 18. Qf3 Qxf3 19. Rxf3 Rfd8 20. Kf1 Rac8 21. Rb1 b5 22. Rd3 g6 23. Ke2 Nd5 24.
Nf3 Nb6 25. Be3 Nc4 26. Bd4 Be7 27. Ne5 f6 28. Nxc4 Rxc4 29. Kd2 Kf7 30. Kc1 Rd5 31. Kd2 h5 32. h4 Ke8 33. Re1 Kd7 34. Rde3 Rc6 35.
Kc1 b4 36. Kb2 a5 37. cxb4 Rxd4 38. b5 Rb4+ 39. Kc1 Rxb5 40. Rd1+ Rd5 41. Red3 Rxd3 42. Rxd3+ Kc7 43. Rb3 a4 44. Rb5 a3 45. Ra5 Rb6 46. Kd1 Rb1+ 47. Ke2 Rb2 48. Ra7+ Kd8 49. Ra8+ Kd7 50.
Ra7+ Ke8 51. Ra8+ Kf7 52. Kd3 Rxa2 53. Kc3 f5 54. Ra7 Kf6 55. Kb3 Ra1 56. Kc3 Rg1 57. Kd4 Rxg3 58. c4 Rf3 59. c5 Rxf4+ 60. Ke3 Bxc5+ 0-1

[Event "*** SCC Grand Prix: Titled Tuesday Blitz"]
[Site "Chess.com"]
[Date "2020.07.07"]
[Round "5"]
[White "Tsyhanchuk_Stanislav"]
[Black "RitvarsReimanis"]
[Result "1/2-1/2"]
[WhiteElo "2415"]
[BlackElo "2561"]
[TimeControl "180+1"]
[EndTime "10:56:52 PDT"]
[Termination "Game drawn - insufficient material"]

1. e4 e5 2. Nf3 Nc6 3. Bb5 Nf6 4.
O-O Nxe4 5. d4 Nd6 6. Bxc6 dxc6 7. dxe5 Nf5 8. Qxd8+ Kxd8 9. h3 Ke8 10. Nc3 c5 11.
Bf4 Be6 12. Rad1 a6 13. Nd5 Rc8 14. g4 Nd4 15. Nxd4 Bxd5 16. Nf5 Be6 17. Bg5 h6 18. Bh4 h5 19. Bg5 hxg4 20. hxg4 g6 21. Ne3 Be7 22. Bxe7 Kxe7 23. f4 Rh3 24. Rd3 c4 25. Nd5+ Bxd5 26. Rxh3 Be4 27. c3 Rd8 28. Rf2 Rd1+ 29.
Kh2 Ke6 30. Kg3 Rd3+ 31. Kh4 Rd5 32. Re3 Bb1 33. Re1 Bd3 34. a4 b6 35. Rf3 Ra5 36. Rf2 Rd5 37. Kg5 f6+ 38. Kh6 fxe5 39. fxe5 Rxe5 40. Rxe5+ Kxe5 41. Kg5 c5 42. Rf4 b5 43. Rf6 bxa4 44. Rxa6 Bc2 45. Rxg6 Bxg6 46. Kxg6 Ke4 47. g5 Kd3 48. Kf6 Kc2 49. g6 Kxb2 50. g7 a3 51. g8=Q a2 52. Qg2+ Kb1 53. Qf1+ Kb2 54. Qe2+ Kb1 55. Qe1+ Kb2 56. Qd2+ Kb1 57. Qd1+ Kb2 58. Qd2+ Kb1 59. Qe1+ Kb2 60. Qf2+ Kb1 61. Qxc5 a1=Q 62. Qb4+ Kc2 63. Qxc4 Qxc3+ 64. Qxc3+ Kxc3 1/2-1/2

[Event "*** SCC Grand Prix: Titled Tuesday Blitz"]
[Site "Chess.com"]
[Date "2020.07.07"]
[Round "5"]
[White "ketster"]
[Black "Khazieva_Elza"]
[Result "1/2-1/2"]
[WhiteElo "2437"]
[BlackElo "2287"]
[TimeControl "180+1"]
[EndTime "10:56:53 PDT"]
[Termination "Game drawn - insufficient material"]

1. d4 Nf6 2. c4 d6 3. Nc3 Bf5 4.
Nf3 c6 5. g3 h6 6. Bg2 Nbd7 7. O-O e5 8. Re1 Be7 9. e4 Bh7 10. Nh4 exd4 11. Qxd4 O-O 12. Nf5 Bxf5 13. exf5 Re8 14. Bf4 Qa5 15. Bxd6 Bxd6 16. Qxd6 Qxf5 17. Rad1 Qc5 18. Qxc5 Nxc5 19. b4 Rxe1+ 20. Rxe1 Nd3 21. Rb1 a6 22. a4 Ng4 23. f4 Rd8 24. h3 Ne3 25. Be4 Nxc4 26. Rd1 Ncb2 27. Rd2 Rd4 28. b5 axb5 29. axb5 cxb5 30. Bxb7 Nc4 31. Rd1 Ne3 32. Nxb5 Nxd1 33. Nxd4 Nc5 34. Bd5 Nc3 35. Bc4 N3e4 36. Kg2 Nd6 37. Ba2 g6 38. Nc6 Kg7 39. Ne5 Na4 40. Bb3 Nc3 41. g4 Ncb5 42. Bd5 Nd4 43.
h4 h5 44. Kg3 hxg4 45. Kxg4 N4f5 46. Nf3 Ne3+ 47. Kg3 Nxd5 48. Ne5 Nf5+ 49. Kg4 Nde3+ 50. Kh3 Nf1 51. Kg4 N1e3+ 52. Kh3 Nd5 53. Kg4 f6 54. Nd7 Nh6+ 55. Kh3 Kf7 56. h5 Nxf4+ 57. Kh4 Nxh5 58. Nc5 Nf4 59. Ne4 g5+ 60. Nxg5+ Kg6 61. Ne4 Nf5+ 62. Kg4 Ne6 63. Nxf6 Kxf6 1/2-1/2

[Event "*** SCC Grand Prix: Titled Tuesday Blitz"]
[Site "Chess.com"]
[Date "2020.07.07"]
[Round "5"]
[White "Aguiar94"]
[Black "ferdipy"]
[Result "1-0"]
[WhiteElo "2522"]
[BlackElo "2371"]
[TimeControl "180+1"]
[EndTime "10:56:54 PDT"]
[Termination "Aguiar94 won on time"]

1. e4 e6 2. d4 d5 3. e5 c5 4. c3 Nc6 5. Nf3 Qb6 6. a3 Bd7 7. b4 cxd4 8. cxd4 Nge7 9. Nc3 Nf5 10. Na4 Qd8 11. Bb2 Rc8 12. Bd3 h5 13. O-O Nh4 14. Nc5 Rc7 15. Rc1 Nxf3+ 16. Qxf3 a6 17. Qe3 Na7 18. f4 g6 19. f5 gxf5 20. Bxf5 Bh6 21.
Qf3 exf5 22. e6 Bxe6 23. Rce1 Re7 24. Nxe6 Rxe6 25. Rxe6+ fxe6 26. Qxh5+ Kf8 27. Kh1 Nc6 28. Qg6 Qe7 29. g4 Qf7 30. gxf5 Qxg6 31. fxg6+ Kg7 32. Rf7+ Kxg6 33. Rxb7 Bf4 34. Kg2 Rxh2+ 35. Kf3 Rxb2 36. Kxf4 Nxd4 37. Ke5 Rd2 38. Rb6 Nf3+ 39. Kxe6 Kg5 40. Rxa6 d4 41. b5 d3 42. Rd6 Kf4 43. b6 Re2+ 44.
Kd7 Ke3 45. b7 Rb2 46. Kc8 Nd4 47. Kc7 d2 48. Rb6 Rxb6 49. Kxb6 d1=Q 50. b8=Q Qb3+ 51. Kc7 Qxa3 52. Qe8+ Kd3 53. Qh8 Ne6+ 54. Kd7 1-0

[Event "*** SCC Grand Prix: Titled Tuesday Blitz"]
[Site "Chess.com"]
[Date "2020.07.07"]
[Round "5"]
[White "Artyom_ChessMate"]
[Black "Ati1517"]
[Result "1-0"]
[WhiteElo "2511"]
[BlackElo "2364"]
[TimeControl "180+1"]
[EndTime "10:56:54 PDT"]
[Termination "Artyom_ChessMate won by resignation"]

1. e4 e5 2. Nf3 Nc6 3. Bb5 a6 4. Bxc6 dxc6 5. O-O Bg4 6. h3 Bxf3 7. Qxf3 Nf6 8. d3 Bd6 9. Nd2 b5 10. Re1 O-O 11. Nf1 h6 12. Ng3 Nh7 13. Nf5 Qf6 14.
Be3 Rfe8 15. Qg3 Kh8 16. Rf1 g5 17. Rad1 Nf8 18. Qg4 Ne6 19. c3 Ng7 20. Ng3 c5 21. Kh1 Qg6 22. Rfe1 Rf8 23. d4 cxd4 24. cxd4 f5 25. exf5 Nxf5 26. Nxf5 Rxf5 27. dxe5 Bxe5 28. Rd5 h5 29. Qe2 Bg7 30. Rxf5 Qxf5 31. Qxh5+ Kg8 32.
Qxg5 Qxg5 33. Bxg5 Bxb2 34. h4 Rf8 35. f4 c5 36. h5 c4 37. g4 c3 38. f5 c2 39.
Kg2 Rc8 40. Bc1 Bc3 41. Re2 Bf6 42. g5 Bxg5 43. Bxg5 c1=Q 44. Bxc1 Rxc1 45. Kf3 Kf7 46. Kf4 Kf6 47. Re6+ Kf7 48. Rxa6 b4 49. Rb6 Rc4+ 50. Kg5 Re4 51. Rb7+ Kf8 52. Kf6 Ke8 53. h6 Rh4 54. Rb8+ Kd7 55. Kg7 Rh2 56. f6 Rxa2 57. h7 Rg2+ 58.
Kf7 1-0

[Event "*** SCC Grand Prix: Titled Tuesday Blitz"]
[Site "Chess.com"]
[Date "2020.07.07"]
[Round "5"]
[White "DeviatkinAndrey"]
[Black "Konavets"]
[Result "0-1"]
[WhiteElo "2725"]
[BlackElo "2962"]
[TimeControl "180+1"]
[EndTime "10:56:55 PDT"]
[Termination "Konavets won on time"]

1. d4 Nf6 2. Bg5 Ne4 3. Bf4 c5 4. c3 Qb6 5. Nd2 Nxd2 6. Qxd2 cxd4 7. cxd4 e5 8. Qc2 Bb4+ 9. Bd2 Bxd2+ 10. Qxd2 exd4 11.
g3 O-O 12. Nf3 Nc6 13. Bg2 d3 14. Qxd3 Qxb2 15. O-O Re8 16. e3 Qf6 17. a4 d5 18.
Qxd5 Be6 19. Qb5 Rab8 20. a5 Rec8 21. Qg5 Qxg5 22. Nxg5 Bc4 23. Rfb1 b5 24. axb6 axb6 25. Ne4 Rd8 26. Nf6+ gxf6 27. Bxc6 Rd6 28. Bb5 Be6 29. Rd1 Rbd8 30. Rxd6 Rxd6 31. Kf1 Rd2 32. Rb1 Bf5 33. Rb4 Rd6 34. Ke2 Kg7 35. e4 Be6 36. Ke3 h6 37. f4 Bg4 38. Bc4 Bd7 39. Bd5 b5 40. Kd4 Ra6 41.
Kc5 Kf8 42. e5 fxe5 43. fxe5 Ke7 44. Rf4 Be8 45. Rh4 Rg6 46. Rf4 Rg5 47. Re4 Rf5 48.
Kd4 Rf1 49. Rh4 Rd1+ 50. Kc5 Rc1+ 51. Kb4 Re1 52. Rxh6 Rxe5 53. Bf3 f6 54. Rh4 f5 55. Rd4 Re3 56. Bd5 Re1 57. h4 Rb1+ 58. Kc3 Kf6 59.
g4 Rc1+ 60. Kd2 Rc8 61. Rf4 Bd7 0-1

[Event "*** SCC Grand Prix: Titled Tuesday Blitz"]
[Site "Chess.com"]
[Date "2020.07.07"]
[Round "5"]
[White "mishanick"]
[Black "Shubinkirill2003"]
[Result "1-0"]
[WhiteElo "2855"]
[BlackElo "2618"]
[TimeControl "180+1"]
[EndTime "10:56:57 PDT"]
[Termination "mishanick won on time"]

1. Nf3 Nf6 2. g3 b5 3. Bg2 Bb7 4. O-O e6 5. d3 c5 6. e4 d6 7. a4 b4 8. b3 Nc6 9. Bb2 Be7 10. Nbd2 Qc7 11. Nc4 O-O 12. e5 dxe5 13. Nfxe5 Nxe5 14. Bxe5 Qc8 15. Bxf6 gxf6 16. Qg4+ Kh8 17.
Bxb7 Qxb7 18. Qe4 Qc7 19. Kg2 Rad8 20. Rae1 f5 21. Qe5+ Qxe5 22. Rxe5 Kg7 23. f4 Rc8 24. Kf3 h5 25. h3 Bf6 26. Re2 Rh8 27. Rg2 Kf8 28.
g4 hxg4+ 29. hxg4 fxg4+ 30. Rxg4 Ke7 31. f5 Rh2 32. fxe6 fxe6 33. Rg2 Rch8 34. Rff2 R8h3+ 35.
Ke2 Rxg2 36. Rxg2 Bd4 37. a5 a6 38. Nd2 Rh1 39. Nc4 Rh3 40. Kd1 Rh1+ 41. Kd2 Rh3 42. Ke2 Rh1 43. Kf3 Rh3+ 44. Kg4 Rh1 45. Kf4 Rf1+ 46. Kg3 Rc1 47. Rh2 Kd7 48. Kf3 Kc6 49. Rh6 Kd5 50. Rh5+ Kc6 51. Rh2 Rf1+ 52. Ke2 Rg1 53.
Rh6 Rg2+ 54. Kf3 Rf2+ 55. Kg3 Kd5 56. Rh5+ Kc6 57. Rh8 Rxc2 58. Rc8+ Kb5 59. Nd6+ Kxa5 60. Rb8 1-0

[Event "*** SCC Grand Prix: Titled Tuesday Blitz"]
[Site "Chess.com"]
[Date "2020.07.07"]
[Round "5"]
[White "Gareth-Bale11"]
[Black "Lion-Al-Messi"]
[Result "1-0"]
[WhiteElo "2738"]
[BlackElo "2443"]
[TimeControl "180+1"]
[EndTime "10:56:57 PDT"]
[Termination "Gareth-Bale11 won on time"]

1. e4 b6 2. d4 Bb7 3. Bd3 e6 4. Nf3 c5 5. dxc5 Bxc5 6. Nc3 Ne7 7. O-O O-O 8. Bg5 f6 9. Bh4 Ng6 10. Bg3 Nc6 11. Be2 Nce5 12. Nxe5 fxe5 13. Qd2 Nf4 14. Rad1 Bc6 15. Bb5 Bxb5 16. Nxb5 Rf7 17. c3 a6 18. Nd6 Bxd6 19. Qxd6 Qg5 20. Qxb6 Raf8 21. Bxf4 exf4 22. f3 a5 23. Rd2 a4 24. Rfd1 Qh4 25. Qf2 Qd8 26.
Rd4 a3 27. b4 Qc7 28. Qd2 Rc8 29. Rc1 Qb6 30. Kh1 Qa6 31. h3 Qb7 32. c4 h6 33. c5 Qb5 34. Qd3 Qa4 35. b5 Qa5 36. Rxd7 Rxd7 37. Qxd7 Rxc5 38. Rb1 Rc2 39. Qxe6+ Kh8 40.
b6 Rb2 41. Rd1 Qxb6 42. Qf7 Rb1 43. Rxb1 Qxb1+ 44. Kh2 Qb2 45. Qf8+ Kh7 46. Qf5+ Kg8 47. Qd5+ Kf8 48. e5 Qc3 49. e6 Qe1 50. Qf5+ Ke7 51. Qf7+ Kd6 52. Qxf4+ Kxe6 53. Qg4+ Kd6 54. Qxg7 Qe5+ 55.
Qxe5+ Kxe5 56. g4 Kd4 57. f4 Kc3 58. g5 Kb2 59. gxh6 Kxa2 60. h7 1-0